 Dungeon Crawl Stone Soup version 0.24-a0-434-gd57e52fea8 (webtiles) character file.

Game seed: 9572954161330019895

434 mhoghedin the Chiller (level 6, -7/45 HPs)
             Began as a Draconian Ice Elementalist on June 15, 2019.
             Mangled by Prince Ribbit (15 damage)
             ... on level 5 of the Dungeon.
             The game lasted 00:08:32 (4345 turns).

mhoghedin the Chiller (Draconian Ice Elementalist)  Turns: 4345, Time: 00:08:33

Health: -7/45      AC: 12    Str: 11    XL:     6   Next: 68%
Magic:  7/11       EV: 12    Int: 17    God:
Gold:   213        SH:  0    Dex: 11    Spells: 8/12 levels left

rFire    . . .     SeeInvis .   p - +1 whip (elec)
rCold    . . .     Gourm    .   (no shield)
rNeg     . . .     Faith    .   (armour unavailable)
rPois    .         Spirit   .   (helmet restricted)
rElec    .         Reflect  .   (no cloak)
rCorr    .         Harm     .   (no gloves)
MR       +....                  (no boots)
Stlth    ++........             (no amulet)
HPRegen  0.15/turn              g - ring of protection from magic {MR+, !d}
MPRegen  0.12/turn              (no ring)

@: icy armour
A: unfitting armour, cold-blooded, AC +6
a: no special abilities


You were on level 5 of the Dungeon.
You were hungry.

You visited 1 branch of the dungeon, and saw 5 of its levels.

You collected 213 gold pieces.

Inventory:

Hand Weapons
 d - a +0 club
   (You took it off a goblin on level 1 of the Dungeon)
 p - a +1 whip of electrocution (weapon)
   (You found it on level 3 of the Dungeon)
Missiles
 a - 6 curare-tipped darts (quivered)
Jewellery
 g - a ring of protection from magic (left hand) {MR+, !d}
   (You found it on level 4 of the Dungeon)
Wands
 h - a wand of paralysis (3)
   (You found it on level 4 of the Dungeon)
Scrolls
 e - 5 scrolls of teleportation
 i - a scroll of enchant weapon
 k - 4 scrolls of identify
Potions
 c - a potion of lignification {unknown}
 f - a potion of berserk rage {unknown}
 j - 2 potions of haste {unknown}
 l - a potion of invisibility {unknown}
 m - 2 potions of curing
 n - a potion of degeneration {unknown}
 q - 2 potions of mutation {unknown}
Comestibles
 b - 7 rations


   Skills:
 - Level 1.7 Dodging
 - Level 1.7 Stealth
 - Level 3.6 Spellcasting
   Level 1.0 Conjurations
 - Level 2.4 Charms
 + Level 6.0 Ice Magic


You had 8 spell levels left.
You knew the following spells:

 Your Spells              Type           Power        Failure   Level  Hunger
a - Freeze                Ice            ###.         1%          1    None
A - Ozocubu's Armour      Chrm/Ice       ###.....     9%          3    ###....

Your spell library contained the following spells:

 Spells                   Type           Power        Failure   Level  Hunger
 Throw Frost              Conj/Ice       ###...       6%          2    ##.....
 Animate Skeleton         Necr           N/A          16%         1    None
 Apportation              Tloc           #.....       16%         1    None
 Confusing Touch          Hex            #.....       16%         1    None
 Sandblast                Erth           #.....       16%         1    None
 Summon Small Mammal      Summ           #...         16%         1    None
 Passwall                 Tmut/Erth      #.......     24%         2    ##.....
 Stone Arrow              Conj/Erth      #.....       36%         3    ###....
 Throw Icicle             Conj/Ice       ###.....     36%         4    ####...
 Summon Ice Beast         Ice/Summ       ##......     43%         4    ####...
 Petrify                  Tmut/Erth      #.......     85%         4    ####...
 Lee's Rapid Deconstruct  Erth           #.........   99%         5    ######.


Dungeon Overview and Level Annotations

Branches:
Dungeon (5/15)
 Temple: D:4-7

Altars:
Dithmenos
Fedhas
Gozag

Annotations:
D:2 exclusion: oklob plant
D:5 exclusion: Prince Ribbit, Prince Ribbit


Innate Abilities, Weirdness & Mutations

Your plain brown scales are hard. (AC +6)
You cannot fit into any form of body armour.
You are cold-blooded and may be slowed by cold attacks.


Message History

An ice beast is nearby!
Okay, then.
Unknown command.
Aim: an ice beast (chance to defeat MR: 46%)
The ice beast resists with some effort.
Aim: an ice beast (chance to defeat MR: 46%)
The ice beast resists with some effort.
Aim: an ice beast (chance to defeat MR: 46%)
The ice beast suddenly stops moving!
A leopard gecko comes into view.
Found an escape hatch in the ceiling.
The helpless ice beast fails to defend itself.
You hit the ice beast but do no damage.
The leopard gecko hisses angrily.
The helpless ice beast fails to defend itself.
You hit the ice beast.
The helpless ice beast fails to defend itself.
You hit the ice beast. The leopard gecko bites you.
You take 4 damage, and have 41/45 hp.
The helpless ice beast fails to defend itself.
You hit the ice beast.
The leopard gecko bites you but does no damage.
The helpless ice beast fails to defend itself.
You hit the ice beast.
Lightning courses through the ice beast!!
You kill the ice beast!
Your Ice Magic skill increases to level 6!
The leopard gecko bites you but does no damage.
You hit the leopard gecko.
You kill the leopard gecko!
No target in view!
No target in view!
No target in view!
No target in view!
Okay, then.
Unknown command.
Found a stone staircase leading down.
e - 4 scrolls of teleportation (gained 1)
You open the door.
Found an escape hatch in the floor.
There is an open door here.
An orc comes into view. It is wielding a +0 war axe.
An orc is nearby!
You closely miss the orc. The orc misses you.
You hit the orc. The orc hits you with a +0 war axe.
You take 2 damage, and have 42/45 hp.
You hit the orc.
You kill the orc!
No target in view!
Things that are here:
a +0 war axe; an orc corpse You now have 187 gold pieces (gained 7).
You open the door.
There is an open door here.
You open the door.
There is an open door here.
You now have 200 gold pieces (gained 13).
You pick up a book of Geomancy and begin reading...
You add the spells Sandblast, Passwall, Stone Arrow, Petrify and Lee's Rapid Deconstruction to your library.
Health restored: 45 You open the door.
There is an open door here.
j - 2 sedimented yellow potions (gained 1)
e - 5 scrolls of teleportation (gained 1)
You now have 213 gold pieces (gained 13).
Prince Ribbit comes into view.
What are your orders? t - Shout!
Orders for allies: a - Attack new target. r - Retreat! s - Stop attacking. g - Guard the area. f - Follow me.
Anything else - Cancel.
You shout for attention!
You hear a croak.
Prince Ribbit blinks!
Prince Ribbit hits you but does no damage.
You closely miss Prince Ribbit.
Prince Ribbit blinks!
Prince Ribbit barely misses you.
You closely miss Prince Ribbit.
Prince Ribbit blinks!
Prince Ribbit croaks regally.
Prince Ribbit blinks!
Prince Ribbit croaks regally.
Prince Ribbit hits you!
You take 7 damage, and have 38/45 hp.
A film of ice covers your body!
You are feeling hungry.
Prince Ribbit hits you. Prince Ribbit hits you!
You take 17 damage, and have 21/45 hp.
MASSIVE DAMAGE!!
You now have 8/11 mp.
You hit Prince Ribbit.
Your tail-slap misses Prince Ribbit.
Prince Ribbit closely misses you.
You barely miss Prince Ribbit. Prince Ribbit hits you!
* * * LOW HITPOINT WARNING * * *
Prince Ribbit closely misses you.
You take 13 damage, and have 8/45 hp.
MASSIVE DAMAGE!!
Aim: Prince Ribbit (lightly wounded)
You freeze Prince Ribbit!
Prince Ribbit seems to slow down.
Prince Ribbit hits you!
You die...

.# #.# #.# .# #.#
#.# .# #.# #.# .#
#.# #.# .# #.# #.#
.# #.# #.# .# #.#
#.# .###########.#
#.#
.............###@#
#########.......F#
#.######## #.# #.#
... #.# #.# #.#


You could see Prince Ribbit.

Vanquished Creatures
  An ice beast (D:5)
  Blork the orc (D:4)
  An orc priest (D:3)
  An orc wizard (D:3)
  Natasha (thrice) (D:3)
  Terence (D:3)
  5 adders
  An ooze (D:1)
  3 worms
  4 leopard geckos
  4 orcs
  3 giant cockroaches
  7 hobgoblins
  2 quokkas
  A ball python (D:2)
  4 bats
  2 frilled lizards (D:2)
  13 goblins
  4 kobolds
  7 rats
68 creatures vanquished.

Notes
Turn   | Place    | Note
-------+----------+-------------------------------------------
     0 | D:1      | mhoghedin the Draconian Ice Elementalist began the quest
                  | for the Orb.
     0 | D:1      | Reached XP level 1. HP: 14/14 MP: 3/3
   320 | D:1      | Reached XP level 2. HP: 19/20 MP: 5/5
   698 | D:2      | Reached XP level 3. HP: 24/26 MP: 0/6
   787 | D:2      | Learned a level 3 spell: Ozocubu's Armour
   888 | D:2      | Reached skill level 4 in Ice Magic
  1314 | D:2      | Reached XP level 4. HP: 31/33 MP: 1/8
  1408 | D:2      | Reached skill level 3 in Spellcasting
  1408 | D:2      | Reached skill level 1 in Charms
  1633 | D:2      | Found a blossoming altar of Fedhas.
  1663 | D:2      | Noticed an oklob plant
  2178 | D:3      | Found an opulent altar of Gozag.
  2234 | D:3      | Noticed Natasha
  2266 | D:3      | Reached XP level 5. HP: 22/38 MP: 1/10
  2271 | D:3      | Killed Natasha
  2538 | D:3      | Noticed Terence
  2545 | D:3      | Killed Terence
  2545 | D:3      | Reached skill level 2 in Charms
  2710 | D:3      | Noticed Natasha
  2723 | D:3      | Killed Natasha
  2850 | D:3      | Noticed Natasha
  2869 | D:3      | HP: 9/38 [Natasha/magic dart (2)]
  2870 | D:3      | Killed Natasha
  2870 | D:3      | Reached XP level 6. HP: 11/45 MP: 3/11
  3359 | D:4      | Found a shadowy altar of Dithmenos.
  3669 | D:4      | Noticed Blork the orc
  3685 | D:4      | Killed Blork the orc
  3685 | D:4      | Reached skill level 5 in Ice Magic
  4202 | D:5      | Entered Level 5 of the Dungeon
  4202 | D:5      | Noticed an ice beast
  4213 | D:5      | Killed an ice beast
  4213 | D:5      | Reached skill level 6 in Ice Magic
  4328 | D:5      | Noticed Prince Ribbit
  4344 | D:5      | HP: 8/45 [Prince Ribbit (13)]
  4345 | D:5      | Mangled by Prince Ribbit

Levels and vault maps discovered:
D:1:      eino_arrival_water_star, layout_rooms
D:2:      layout_rooms, tgw_fedhas, first_ration
D:3:      kennysheep_the_goblin_king, layout_basic,
          nicolae_overflow_hidden_temple, uniq_natasha, uniq_terence
D:4:      layout_loops_corners, nicolae_overflow_crystal_walls,
          uniq_blork_the_orc
D:5:      layout_basic, tgw_xom, grunt_qazlal_clouds, grunt_decor_one_mirror,
          uniq_prince_ribbit1, uniq_ijyb

Skill      XL: |  1  2  3  4  5  6 |
---------------+-------------------+-----
Ice Magic      | 4 6 |  6.0
Spellcasting   | 3 |  3.6
Charms         | 1 2 |  2.4
Dodging        | |  1.7
Stealth        | |  1.7
Conjurations   | |  1.0

Action                   |  1- 3 |  4- 6 || total
-------------------------+-------+-------++-------
Melee: Club              |    33 |    34 ||    67
       Unarmed           |     7 |       ||     7
       Tailslap          |     1 |     3 ||     4
       Whip              |       |    23 ||    23
Throw: Dart              |       |     2 ||     2
 Cast: Freeze            |    49 |    53 ||   102
       Ozocubu's Armour  |     2 |     5 ||     7
Evoke: Wand              |       |     3 ||     3
  Use: Potion            |       |     2 ||     2
       Scroll            |       |     7 ||     7
 Stab: Paralysed         |       |     5 ||     5
  Eat: Chunk             |     2 |     6 ||     8
       Ration            |       |     1 ||     1
Armor: Skin              |    30 |    32 ||    62
Dodge: Dodged            |    71 |    54 ||   125

Table legend:
 A = Non-vault XP
 B = Vault XP
 C = Vault XP percentage of total XP
 D = Non-vault monster count
 E = Vault monster count
 F = Vault count percentage of total count
                 A         B        C        D         E       F
            +---------+---------+-------+---------+---------+-------
      Total |     445 |     176 |  28.3 |      58 |      10 |  14.7
            +---------+---------+-------+---------+---------+-------
        D:1 |      31 |       0 |   0.0 |      17 |       0 |   0.0
        D:2 |      91 |       0 |   0.0 |      23 |       0 |   0.0
        D:3 |     175 |      85 |  32.7 |      13 |       9 |  40.9
        D:4 |      15 |      91 |  85.8 |       2 |       1 |  33.3
        D:5 |     133 |       0 |   0.0 |       3 |       0 |   0.0
            +---------+---------+-------+---------+---------+-------

Levels and vault maps discovered:
D:1:      eino_arrival_water_star, layout_rooms
D:2:      layout_rooms, tgw_fedhas, first_ration
D:3:      kennysheep_the_goblin_king, layout_basic,
          nicolae_overflow_hidden_temple, uniq_natasha, uniq_terence
D:4:      layout_loops_corners, nicolae_overflow_crystal_walls,
          uniq_blork_the_orc
D:5:      layout_basic, tgw_xom, grunt_qazlal_clouds, grunt_decor_one_mirror,
          uniq_prince_ribbit1, uniq_ijyb

Table legend:
 A = Turns spent in this place as a percentage of turns spent in the entire game.
 B = Non-inter-level travel turns spent in this place as a percentage of non-inter-level travel turns spent in the entire game.
 C = Inter-level travel turns spent in this place as a percentage of turns spent in this place.
 D = Turns resting spent in this place as a percentage of non-inter-level travel turns spent in this place.
 E = Turns spent auto-exploring this place as a percentage of non-inter-level travel turns spent in this place.
 F = Non-inter-level travel turns spent in this place divided by the number of levels of this place that you've seen.
                   A       B       C       D       E      F
               +-------+-------+-------+-------+-------+----------------------
         Total | 100.0 | 100.0 |   4.3 |  31.2 |  53.3 | 831.8
       Dungeon | 100.0 | 100.0 |   4.3 |  31.2 |  53.3 | 831.8
               +-------+-------+-------+-------+-------+----------------------

Table legend:
 A = Kills in this place as a percentage of kills in entire the game.
 B = Kills by you in this place as a percentage of kills by you in the entire game.
 C = Kills by friends in this place as a percentage of kills by friends in the entire game.
 D = Other kills in this place as a percentage of other kills in the entire game.
 E = Experience gained in this place as a percentage of experience gained in the entire game.
 F = Experience gained in this place divided by the number of levels of this place that you have seen.
                   A       B       C       D       E      F
               +-------+-------+-------+-------+-------+----------------------
         Total | 100.0 | 100.0 |   N/A |   N/A | 100.0 | 124.2
       Dungeon | 100.0 | 100.0 |   N/A |   N/A | 100.0 | 124.2
               +-------+-------+-------+-------+-------+----------------------
